 Dungeon Crawl Stone Soup version 0.20.1-1-g8b1a95d (webtiles) character file.

1353 mmigdal the Cleaver (level 8, 0/70 HPs)
             Began as a Hill Orc Fighter on Nov 1, 2017.
             Was an Initiate of Ashenzari.
             Killed from afar by an orc wizard (6 damage)
             ... with a magic dart
             ... on level 5 of the Dungeon.
             The game lasted 00:28:35 (5302 turns).

mmigdal the Cleaver (Hill Orc Fighter)              Turns: 5302, Time: 00:28:36

Health: 0/70       AC:  9    Str: 21    XL:     8   Next: 63%
Magic:  8/8        EV:  8    Int:  8    God:    Ashenzari [......]
Gold:   294        SH: 11    Dex: 10    Spells: 7/7 levels left

rFire    . . .     SeeInvis .   a - +0 war axe
rCold    + . .     Gourm    .   c - +1 shield (curse)
rNeg     . . .     Faith    .   b - +1 scale mail
rPois    .         Spirit   .   x - +1 hat
rElec    .         Reflect  .   (no cloak)
rCorr    .         Harm     .   (no gloves)
MR       .....                  (no boots)
Stlth    ..........             (no amulet)
Regen    0.3/turn               s - ring of loudness (curse)
MPRegen  0.2/turn               t - ring of protection from cold

@: no status effects
A: no striking features
a: Curse Item, Renounce Religion


You were on level 5 of the Dungeon.
You worshipped Ashenzari.
Ashenzari was noncommittal.
You were hungry.

You visited 1 branch of the dungeon, and saw 5 of its levels.

You collected 294 gold pieces.

Inventory:

Hand Weapons
 a - a +0 war axe (weapon)
 E - a +0 hunting sling of freezing
Missiles
 j - 31 sling bullets
 m - 32 bolts
 p - 116 stones (quivered)
Armour
 b - a +1 scale mail (worn)
 c - a cursed +1 shield (worn)
 x - a +1 hat (worn)
Jewellery
 i - an uncursed ring of ice
 s - a cursed ring of loudness (left hand)
 t - a ring of protection from cold (right hand)
Scrolls
 e - 2 scrolls of enchant armour
 h - 4 scrolls of identify
 k - a scroll of recharging {unknown}
 o - 3 scrolls of teleportation
 q - a scroll of immolation {unknown}
 w - 2 scrolls of fog
 B - 2 scrolls of magic mapping {unknown}
 D - a scroll of noise {unknown}
 G - a scroll of amnesia {unknown}
Potions
 d - 5 potions of might
 n - a potion of berserk rage
 r - a potion of flight
 v - a potion of agility
 z - a potion of brilliance
 A - a potion of curing
 C - 2 potions of lignification
 F - a potion of invisibility
Books
 y - the Catalogue of Stones and Darkness
   (You found it on level 5 of the Dungeon)

   Spells                             Type                      Level
   a - Sandblast                      Earth                        1
   b - Animate Skeleton               Necromancy                   1
   c - Pain                           Necromancy                   1
   d - Lee's Rapid Deconstruction     Earth                        5
   e - Dispel Undead                  Necromancy                   5
   f - Statue Form                    Transmutation/Earth          6
Comestibles
 f - 2 bread rations
 g - 3 royal jellies
 l - 7 chunks of flesh
 u - 2 meat rations


   Skills:
 + Level 5.7 Fighting
 + Level 8.4 Axes
 + Level 3.0 Slings
 + Level 5.8 Armour
 + Level 1.4 Dodging
 + Level 0.8 Stealth
 + Level 5.2 Shields


You had 7 spell levels left.
You didn't know any spells.

Dungeon Overview and Level Annotations

Branches:
Dungeon (5/15)
 Temple: D:4-7

Altars:
Ashenzari
Gozag
Makhleb
Xom
Yredelemnul

Annotations:
D:4 Schiappus's ghost, amateur TrBe


Message History

You feel a bit more experienced. You block the orc warrior's attack.
You closely miss the orc warrior.
The orc warrior is severely wounded.
The orc warrior hits you with a war axe!
* * * LOW HITPOINT WARNING * * *
An orc comes into view. It is wielding a club.
The orc shouts!
You hear some strange, mumbled words.
You are feeling hungry.
Something hits you but does no damage.
Deactivating autopickup; reactivate with Ctrl-A.
Something hits you.
* * * LOW HITPOINT WARNING * * *
A magic dart appears from out of thin air!
The magic dart hits you!
A magic dart appears from out of thin air!
The magic dart hits you!
* * * LOW HITPOINT WARNING * * *
A magic dart appears from out of thin air!
The magic dart hits you!
You die...

#....# #.##.########### #.....
#....# #..#...........# #.....
#....# ##.#...........#####.....
#....# #.#..............##.....
#....# #.#.########............
#....# #...# #..##.#......
#....######..# #........#.##
#.......###..########...รท......#.
..........oo....@.........#....#.
.........###.###..............##.
.........# #>....................
.........# #####...............##
.........# #.............####.#.
........## ##..#.......#.# #.#.
......[.# #..........#.####.#.
........# ###.###....##....#.#.
......>)# #...############.#...


You could see an orc warrior and an orc.

Vanquished Creatures
  4 yaks (D:5)
  Edmund (D:5)
  An ice beast (D:5)
  The ghost of bmj180 the Covered, an amateur HOFi (D:3)
  A howler monkey (D:4)
  A crimson imp (D:5)
  3 hounds
  An orc priest (D:4)
  3 iguanas
  2 orc wizards
  A worker ant (D:4)
  4 adders
  A howler monkey skeleton (D:4)
  A shadow imp (D:5)
  An ooze (D:4)
  3 worms
  A dart slug (D:1)
  A leopard gecko (D:1)
  7 orcs (D:4)
  6 giant cockroaches
  3 goblins
  8 hobgoblins
  6 jackals
  5 quokkas
  7 bats
  3 frilled lizards (D:1)
  4 kobolds
  7 rats
87 creatures vanquished.

Notes
Turn   | Place    | Note
-------+----------+-------------------------------------------
     0 | D:1      | mmigdal the Hill Orc Fighter began the quest for the Orb.
     0 | D:1      | Reached XP level 1. HP: 19/19 MP: 1/1
   131 | D:1      | Reached XP level 2. HP: 24/27 MP: 2/2
   270 | D:1      | Reached skill level 3 in Axes
   803 | D:1      | Reached XP level 3. HP: 33/33 MP: 3/3
  1617 | D:3      | Noticed bmj180's ghost (amateur HOFi)
  1632 | D:3      | Killed bmj180's ghost
  1632 | D:3      | Reached skill level 4 in Axes
  1632 | D:3      | Reached XP level 4. HP: 16/40 MP: 4/4
  1632 | D:3      | Reached XP level 5. HP: 19/46 MP: 5/5
  1899 | D:3      | Found an opulent altar of Gozag.
  2104 | D:3      | Reached skill level 5 in Axes
  2208 | D:3      | Reached skill level 1 in Slings
  2497 | D:4      | Reached skill level 1 in Dodging
  2604 | D:4      | Reached XP level 6. HP: 44/52 MP: 6/6
  3120 | D:4      | Noticed Schiappus's ghost (amateur TrBe)
  3498 | D:4      | Reached skill level 6 in Axes
  3663 | D:5      | Entered Level 5 of the Dungeon
  3665 | D:5      | Noticed Edmund
  3682 | D:5      | Killed Edmund
  3682 | D:5      | Reached XP level 7. HP: 37/60 MP: 7/7
  4173 | D:5      | Reached skill level 5 in Armour
  4297 | D:5      | Reached skill level 5 in Fighting
  4363 | D:5      | Identified the Catalogue of Stones and Darkness
  4394 | D:5      | Found a shimmering altar of Xom.
  4397 | D:5      | Found a shattered altar of Ashenzari.
  4402 | D:5      | Became a worshipper of Ashenzari the Shackled
  4410 | D:5      | Found a burning altar of Makhleb.
  4634 | D:5      | Found a basalt altar of Yredelemnul.
  4692 | D:5      | Noticed a yak
  4692 | D:5      | Noticed a yak
  4692 | D:5      | Noticed a yak
  4693 | D:5      | Noticed a yak
  4694 | D:5      | Noticed a yak
  4702 | D:5      | Killed a yak
  4702 | D:5      | Reached skill level 7 in Axes
  4702 | D:5      | Reached XP level 8. HP: 46/68 MP: 8/8
  4712 | D:5      | Killed a yak
  4928 | D:5      | Reached skill level 8 in Axes
  5212 | D:5      | Killed a yak
  5212 | D:5      | Reached skill level 5 in Shields
  5228 | D:5      | Killed a yak
  5266 | D:5      | HP: 3/70 [something/puff of frost (3)]
  5302 | D:5      | Killed from afar by an orc wizard

Skill      XL: |  1  2  3  4  5  6  7  8 |
---------------+-------------------------+-----
Fighting       | 4 5 |  5.7
Axes           | 3 4 5 6 7 8 |  8.4
Shields        | 4 5 |  5.2
Slings         | 1 2 3 |  3.0
Armour         | 4 5 |  5.8
Dodging        | 1 |  1.4
Stealth        | |  0.8

Action                   |  1- 3 |  4- 6 |  7- 9 || total
-------------------------+-------+-------+-------++-------
Melee: War axe           |   122 |   102 |    94 ||   318
 Fire: Hunting sling     |    12 |    50 |    25 ||    87
Throw: Stone             |    11 |       |       ||    11
Invok: Curse Item        |       |       |     1 ||     1
  Use: Scroll            |     7 |     5 |     1 ||    13
       Potion            |       |       |     2 ||     2
  Eat: Chunk             |     2 |     5 |       ||     7
       Fruit             |       |     1 |     1 ||     2
       Meat ration       |       |     1 |       ||     1
Armor: Scale mail        |    49 |    33 |    37 ||   119
Dodge: Dodged            |    32 |    22 |    22 ||    76
Block: Shield            |    75 |    45 |    53 ||   173
